2978 views
Uploaded 2020-03-21 12:57:31
Game version 1.32.3
21:13 long 1on1 ladder game on (2)LastRefuge
Saved by Slienthey
2978 views
Uploaded 2020-03-21 12:57:31
Game version 1.32.3
21:13 long 1on1 ladder game on (2)LastRefuge

42 units @ 4.8k
/ 0.2k
15 buildings @ 2.3k
/ 0.9k



| Rod of Necromancy | 1 | 150 |
| Potion of Healing | 1 | 150 |
| Dust of Appearance | 1 | 75 |
| Scroll of Town Portal | 2 | 700 |
| Boots of Speed | 1 | 250 |
| total: | 6 | 1325g |
| Acolyte | 14 | 1050 | / | 0 |
| Ghoul | 23 | 2760 | / | 0 |
| Gargoyle | 3 | 525 | / | 90 |
| Obsidian Statue | 1 | 200 | / | 35 |
| Abomination | 1 | 240 | / | 70 |
| total: | 42 | 4775g | / | 195w |
| Nerubian Tower | 2 | 200 | / | 40 |
| Spirit Tower | 2 | 290 | / | 80 |
| Crypt | 2 | 400 | / | 100 |
| Altar of Darkness | 1 | 180 | / | 50 |
| Ziggurat | 8 | 1200 | / | 400 |
| Tomb of Relics | 1 | 130 | / | 30 |
| Graveyard | 1 | 215 | / | 0 |
| Sacrificial Pit | 1 | 75 | / | 150 |
| Slaughterhouse | 1 | 140 | / | 135 |
| Halls of the Dead | 1 | 320 | / | 210 |
| Black Citadel | 1 | 325 | / | 230 |
| total: | 15 | 2340g | / | 865w |
| 0:01 | Acolyte |
| 0:07 | Crypt |
| 0:11 | Altar of Darkness |
| 0:24 | Ziggurat |
| 0:32 | Acolyte |
| 0:48 | Acolyte |
| 1:07 | Tomb of Relics |
| 1:11 | Ghoul |
| 1:21 | Ghoul |
| 1:37 | Ziggurat |
| 1:48 | Ghoul |
| 2:02 | Nerubian Tower |
| 2:17 | Rod of Necromancy |
| 2:20 | Sleep |
| 2:23 | Dust of Appearance |
| 2:53 | Halls of the Dead |
| 3:12 | Ghoul |
| 4:34 | Graveyard |
| 4:36 | Ghoul |
| 4:36 | Ghoul |
| 4:48 | Ghoul |
| 4:51 | Ziggurat |
| 5:05 | Crypt |
| 5:15 | Acolyte |
| 5:16 | Acolyte |
| 5:38 | Sacrificial Pit |
| 6:09 | Vampiric Aura |
| 6:24 | Boots of Speed |
| 6:34 | Ghoul |
| 6:46 | Ziggurat |
| 7:12 | Death Coil |
| 7:16 | Black Citadel |
| 7:41 | Gargoyle |
| 8:24 | Unholy Armor |
| 8:36 | Gargoyle |
| 9:10 | Gargoyle |
| 9:22 | Unholy Strength |
| 9:39 | Ghoul Frenzy |
| 9:48 | Vampiric Aura |
| 10:13 | Unholy Aura |
| 10:33 | Scroll of Town Portal |
| 10:45 | Ghoul |
| 10:51 | Acolyte |
| 11:27 | Frost Nova |
| 11:43 | Ghoul |
| 11:43 | Ghoul |
| 11:53 | Ghoul |
| 12:07 | Acolyte |
| 12:27 | Ghoul |
| 12:37 | Ghoul |
| 12:47 | Ghoul |
| 13:00 | Ghoul |
| 13:32 | Improved Unholy Strength |
| 13:35 | Ghoul |
| 14:22 | Potion of Healing |
| 14:58 | Slaughterhouse |
| 15:27 | Ziggurat |
| 15:34 | Sleep |
| 15:36 | Death Coil |
| 15:37 | Frost Armor |
| 15:51 | Acolyte |
| 16:13 | Acolyte |
| 16:13 | Acolyte |
| 16:13 | Acolyte |
| 16:13 | Acolyte |
| 16:24 | Scroll of Town Portal |
| 17:03 | Ziggurat |
| 17:07 | Improved Unholy Armor |
| 17:30 | Ghoul |
| 17:30 | Ghoul |
| 17:36 | Ghoul |
| 17:36 | Ghoul |
| 18:11 | Nerubian Tower |
| 18:12 | Acolyte |
| 18:12 | Acolyte |
| 18:19 | Obsidian Statue |
| 18:49 | Ziggurat |
| 19:04 | Frost Nova |
| 19:20 | Ziggurat |
| 19:31 | Abomination |
| 19:39 | Spirit Tower |
| 19:46 | Spirit Tower |
| 20:39 | Ghoul |
| 20:39 | Ghoul |
| Right click | 522 |
| Select group | 437 |
| Select | 229 |
| Build/train/purchase | 84 |
| Misc. action | 61 |
| Use ability | 39 |
| Assign group | 27 |
| Chat | 6 |
| Remove unit | 5 |
| Item give/drop | 2 |
30 units @ 4.4k
/ 0.6k
19 buildings @ 3.4k
/ 1.5k



| Healing Salve | 6 | 600 |
| Lesser Clarity Potion | 3 | 210 |
| Scroll of Speed | 3 | 150 |
| Potion of Healing | 1 | 150 |
| Scroll of Healing | 1 | 250 |
| Potion of Lesser Invulnerability | 1 | 150 |
| Circlet of Nobility | 1 | 175 |
| Scroll of Protection | 1 | 150 |
| total: | 17 | 1835g |
| Peon | 13 | 975 | / | 0 |
| Grunt | 6 | 1200 | / | 0 |
| Raider | 4 | 720 | / | 160 |
| Troll Batrider | 3 | 480 | / | 120 |
| Spirit Walker | 1 | 195 | / | 35 |
| Tauren | 3 | 840 | / | 240 |
| total: | 30 | 4410g | / | 555w |
| Watch Tower | 2 | 220 | / | 160 |
| Altar of Storms | 1 | 180 | / | 50 |
| Orc Burrow | 7 | 1120 | / | 280 |
| Barracks | 1 | 180 | / | 50 |
| Voodoo Lounge | 1 | 130 | / | 30 |
| Great Hall | 2 | 770 | / | 370 |
| War Mill | 1 | 205 | / | 0 |
| Beastiary | 2 | 290 | / | 280 |
| Tauren Totem | 2 | 270 | / | 310 |
| Stronghold | 1 | 315 | / | 190 |
| Fortress | 1 | 325 | / | 190 |
| total: | 19 | 3365g | / | 1530w |
| 0:02 | Peon |
| 0:02 | Peon |
| 0:07 | Altar of Storms |
| 0:14 | Orc Burrow |
| 0:17 | Peon |
| 0:35 | Barracks |
| 0:43 | Peon |
| 0:52 | Peon |
| 1:03 | Peon |
| 1:27 | Orc Burrow |
| 1:31 | Peon |
| 1:36 | Grunt |
| 1:50 | Voodoo Lounge |
| 1:58 | Peon |
| 2:05 | Wind Walk |
| 2:24 | Grunt |
| 3:02 | Grunt |
| 3:04 | Stronghold |
| 3:09 | Grunt |
| 3:47 | Grunt |
| 3:54 | Orc Burrow |
| 4:52 | Grunt |
| 5:07 | Critical Strike |
| 5:33 | Beastiary |
| 5:49 | Healing Salve |
| 5:50 | Lesser Clarity Potion |
| 5:50 | Scroll of Speed |
| 6:05 | Healing Salve |
| 6:07 | Potion of Healing |
| 6:19 | Orc Burrow |
| 6:33 | Lesser Clarity Potion |
| 6:36 | Hex |
| 7:10 | Beastiary |
| 7:12 | Raider |
| 7:12 | Raider |
| 8:08 | Healing Wave |
| 8:18 | Ensnare |
| 8:24 | Wind Walk |
| 9:06 | Potion of Lesser Invulnerability |
| 9:10 | Circlet of Nobility |
| 9:39 | Raider |
| 9:40 | Orc Burrow |
| 9:44 | Healing Salve |
| 10:12 | Fortress |
| 10:16 | Great Hall |
| 10:20 | Troll Batrider |
| 10:22 | Orc Burrow |
| 10:37 | Scroll of Protection |
| 10:37 | Scroll of Healing |
| 11:41 | Troll Batrider |
| 11:41 | Troll Batrider |
| 12:01 | Critical Strike |
| 12:49 | Raider |
| 13:30 | Healing Salve |
| 13:30 | Lesser Clarity Potion |
| 13:30 | Scroll of Speed |
| 13:33 | Peon |
| 13:33 | Peon |
| 13:33 | Peon |
| 13:42 | Tauren Totem |
| 13:44 | Tauren Totem |
| 14:22 | Great Hall |
| 14:31 | Healing Wave |
| 15:33 | War Mill |
| 15:38 | Wind Walk |
| 15:49 | Orc Burrow |
| 15:53 | Spirit Walker |
| 16:01 | Healing Salve |
| 16:59 | Tauren |
| 17:00 | Pulverize |
| 17:06 | Peon |
| 17:21 | War Stomp |
| 18:17 | Watch Tower |
| 18:19 | Peon |
| 18:21 | Watch Tower |
| 18:41 | Spirit Walker Adept Training |
| 18:49 | Healing Salve |
| 18:49 | Scroll of Speed |
| 19:15 | Tauren |
| 19:40 | Tauren |
| 20:23 | Endurance Aura |
| Right click | 1791 |
| Select | 716 |
| Select group | 372 |
| Build/train/purchase | 111 |
| Misc. action | 74 |
| Use ability | 69 |
| Assign group | 31 |
| Esc | 6 |
| Item give/drop | 2 |
| Minimap ping | 1 |
โ